 Dungeon Crawl Stone Soup version 0.28-a0-919-g0b5b508569 (webtiles) character file.

Game seed: 9052594916722932321

340 jasper the Slasher (level 6, 0/70 HPs)
             Began as a Demonspawn Berserker on Nov 25, 2021.
             Was a Believer of Trog.
             Succumbed to a hornet's poison
             ... on level 4 of the Dungeon.
             The game lasted 00:04:42 (3512 turns).

jasper the Slasher (Demonspawn Berserker)           Turns: 3512, Time: 00:04:43

Health: 0/70       AC:  8    Str: 17    XL:     6   Next: 30%
Magic:  6/6        EV:  4    Int:  8    God:    Trog [**....]
Gold:   87         SH:  0    Dex: 15    Spells: 5/5 levels left

rFire   + . .      SeeInvis .   p - +0 rapier
rCold   + . .      Faith    .   (no shield)
rNeg    . . .      Spirit   .   q - +0 chain mail
rPois   +          Reflect  .   (helmet restricted)
rElec   +          Harm     .   (no cloak)
rCorr   +          Rampage  .   (no gloves)
Will    .....                   (no boots)
Stlth   ..........              (no amulet)
HPRegen 0.21/turn               (no ring)
MPRegen 0.20/turn               (no ring)

@: berserking (expiring), lethally poisoned (0 -> -13), resistant, constricted,
very quick
A: horns 1, foul stench 1, magic regeneration
a: Renounce Religion, Berserk, Trog's Hand


You were on level 4 of the Dungeon.
You worshipped Trog.
Trog was pleased with you.
You visited 1 branch of the dungeon, and saw 5 of its levels.

You collected 87 gold pieces.

Inventory:

Hand Weapons
 a - a +0 falchion
 p - a +0 rapier (weapon)
Missiles
 g - 2 boomerangs
 i - 16 stones (quivered)
 k - 4 poisoned darts
 m - 4 atropa-tipped darts
 r - a throwing net
Armour
 b - a +0 animal skin
 c - a +0 tower shield
 h - a +0 helmet
 l - a +0 ring mail
 q - a +0 chain mail (worn)
Jewellery
 n - a ring of poison resistance
Scrolls
 o - a scroll of vulnerability
 t - a scroll of amnesia {unknown}
 u - a scroll of identify
Potions
 e - a potion of magic
 f - a potion of might
 j - a potion of curing {unknown}
 s - a potion of heal wounds {unknown}


   Skills:
 - Level 3.0 Fighting
 + Level 6.5 Long Blades
 - Level 1.7 Armour
 - Level 1.7 Dodging


You had 5 spell levels left.
You didn't know any spells.
Your spell library was empty.

Dungeon Overview and Level Annotations

Branches:
Dungeon (5/15)
 Temple: D:4-7

Altars:
Xom
Zin

Portals:
Sewer: D:4


Innate Abilities, Weirdness & Mutations

You have a pair of small horns on your head.
You may rarely emit foul miasma when damaged in melee.
You regenerate magic rapidly.


Message History

You take 23 damage, and have 16/61 hp.
MASSIVE DAMAGE!!
You hit the hornet but do no damage.
You headbutt the hornet, but do no damage.
The hornet is almost dead.
You feel yourself speed up.
* * * LOW HITPOINT WARNING * * *
You feel very sick. The bat hits you but does no damage.
The ball python bites you but does no damage.
The ball python constricts you.
The giant cockroach bites you but does no damage.
The hornet is engulfed in dark miasma.
The hornet is poisoned.
The hornet stings you.
* * * LOW HITPOINT WARNING * * *
The ball python bites you.
* * * LOW HITPOINT WARNING * * *
The ball python constricts you.
* * * LOW HITPOINT WARNING * * *
The giant cockroach barely misses you. The river rat barely misses you.
The hornet is engulfed in dark miasma.
The hornet looks even sicker.
You kill the hornet!
Trog accepts your kill.
Your Long Blades skill increases to level 6!
You have reached level 6!
Your experience leads to an increase in your attributes!
Increase (S)trength, (I)ntelligence, or (D)exterity?
You feel agile.
Your demonic ancestry asserts itself...
Your magic begins to regenerate rapidly.
You take 13 damage, and have 3/70 hp.
MP restored: 6 You closely miss the river rat.
* * * LOW HITPOINT WARNING * * *
You feel sick. The bat hits you but does no damage.
The ball python bites you but does no damage.
The ball python constricts you.
The giant cockroach bites you but does no damage.
You take 2 damage, and have 1/70 hp.
You puncture the river rat!
The river rat is severely wounded.
You die...

#.#. ........#
#.#. ........#
#.# #.#.
......≈. ..#
#.#. #≈≈≈≈≈##..#
#.#.
≈##≈≈≈≈≈##..#
#.#.
.≈≈.....≈≈..#
#.#.
.≈≈...B.≈≈..####
#.#.
.....∩S@○≈......
#.#.
.≈≈...r○b≈.####
#.#.
≈≈≈.....≈≈.#
#.#.
.##≈≈≈≈≈##.##
#.#. #≈≈≈≈≈##..#
#.#.
.....≈.....####
#.#.
....#.#.#......#
#.#.
....'...###.##.#
#.#.#. ...#...
#.##.# #.#.#.


You could see a river rat, a giant cockroach, a bat and a ball python.

Vanquished Creatures
  A hornet (D:4)
  An orc priest (D:3)
  An orc wizard (D:3)
  2 adders
  An ufetubus (D:4)
  A dart slug (D:1)
  7 orcs
  7 endoplasms
  4 giant cockroaches
  6 goblins
  A hobgoblin (D:2)
  4 jackals (D:2)
  2 kobolds
  A quokka (D:1)
  3 ball pythons
  4 bats
  4 frilled lizards
  3 rats
53 creatures vanquished.

Notes
Turn   | Place    | Note
-------+----------+-------------------------------------------
     0 | D:1      | jasper the Demonspawn Berserker began the quest for the
                  | Orb.
     0 | D:1      | Reached XP level 1. HP: 18/18 MP: 1/1
   152 | D:1      | Reached skill level 3 in Long Blades
   345 | D:1      | Gained mutation: You may rarely emit foul miasma when
                  | damaged in melee. [demonic ancestry]
   345 | D:1      | Reached XP level 2. HP: 24/24 MP: 2/2
  1322 | D:2      | Reached XP level 3. HP: 24/29 MP: 3/3
  1584 | D:2      | Reached skill level 4 in Long Blades
  2290 | D:2      | Found a shimmering altar of Xom.
  2506 | D:3      | Reached ** piety under Trog
  2967 | D:3      | Reached XP level 4. HP: 35/35 MP: 4/4
  2986 | D:3      | Reached skill level 5 in Long Blades
  3142 | D:3      | You fall into a shaft and drop 2 floors!
  3142 | D:5      | Entered Level 5 of the Dungeon
  3493 | D:4      | Gained mutation: You have a pair of small horns on your
                  | head. [demonic ancestry]
  3493 | D:4      | Reached XP level 5. HP: 40/41 MP: 5/5
  3500 | D:4      | Found a glowing drain.
  3502 | D:4      | Noticed a hornet
  3510 | D:4      | HP: 3/61 [constriction (1)]
  3510 | D:4      | Killed a hornet
  3511 | D:4      | Reached skill level 6 in Long Blades
  3511 | D:4      | Gained mutation: You regenerate magic rapidly. [demonic
                  | ancestry]
  3511 | D:4      | Reached XP level 6. HP: 3/47 MP: 6/6
  3511 | D:4      | HP: 1/70 [poisoned by a hornet]
  3512 | D:4      | Succumbed to a hornet's poison

Illustrated notes

Levels and vault maps discovered:
D:1:      minmay_arrival_cross, layout_basic, chequers_serial_rivers_marsh
D:2:      wad_pebble_path, layout_basic, basic_altar
D:3:      layout_basic, mainiacjoe_overflow_tiny_flanked
D:4:      wander_river, layout_basic, lemuel_mausoleum_altar_kikubaaqudgha,
          okawaru_gym_becter, cheibrodos_sewer_entry_sluice
D:5:      layout_cave_pools, tso_metal_star, elyvilon_altar_5, uniq_grinder

Skill      XL: |  1  2  3  4  5 |
---------------+----------------+-----
Long Blades    | 3 4 5 6 |  6.5
Fighting       | |  3.0
Armour         | |  1.7
Dodging        | |  1.7

Action                   |  1- 3 |  4- 6 || total
-------------------------+-------+-------++-------
Melee: Falchion          |    87 |       ||    87
       Rapier            |    23 |    43 ||    66
       Headbutt          |       |     1 ||     1
Throw: Dart              |    25 |       ||    25
       Stone             |    19 |     2 ||    21
Invok: Berserk           |       |     2 ||     2
       Trog's Hand       |       |     1 ||     1
  Use: Scroll            |     7 |       ||     7
       Potion            |       |     1 ||     1
Armor: Animal skin       |     8 |       ||     8
       Ring mail         |    20 |       ||    20
       Chain mail        |     4 |    46 ||    50
Dodge: Dodged            |    52 |    26 ||    78

Table legend: (Time is in decaauts)
 A = Elapsed time spent in this place.
 B = Non-inter-level travel time spent in this place.
 C = Inter-level travel time spent in this place.
 D = Time resting spent in this place.
 E = Time spent auto-exploring this place.
 F = Levels seen in this place.
 G = Mean time per level.
                   A        B        C        D        E       F      G
               +--------+--------+--------+--------+--------+-----+--------+
         Total |   3541 |   3405 |    136 |    541 |   2288 |   5 |  708.2 |
       Dungeon |   3541 |   3405 |    136 |    541 |   2288 |   5 |  708.2 |
               +--------+--------+--------+--------+--------+-----+--------+

Top non-repeatable levels by time:
     D:2: 1313 daAuts
     D:1: 1192 daAuts
     D:3: 664 daAuts
     D:4: 361 daAuts
     D:5: 9 daAuts
